 Dungeon Crawl Stone Soup version 0.31.0-4-g52a2dc7128 (webtiles) character file.

Game seed: 13214458669392851408

297839 juan097 the Severer (level 20, -9/180 HPs)
             Began as a Hill Orc Fighter on Jan 22, 2024.
             Was the Champion of Makhleb.
             Mangled by a yaktaur captain (19 damage)
             ... on level 4 of the Vaults.
             The game lasted 02:31:09 (41032 turns).

juan097 the Severer (Hill Orc Fighter)             Turns: 41032, Time: 02:31:11

Health: -9/180     AC: 33    Str: 28    XL:     20   Next: 94%
Magic:  0/33       EV: 15    Int: 10    God:    Makhleb [******]
Gold:   828        SH: 18    Dex: 14    Spells: 16/19 levels left

rFire   + . .        a - +9 broad axe (flame)
rCold   + . .        M - +5 Storm Queen's Shield {shock, Fly rElec}
rNeg    . . .        C - +3 plate armour {rPois}
rPois   +            q - +0 helmet of the Harvest {rF+ Int+2 Dex+4}
rElec   +            c - +2 cloak
rCorr   .            X - +2 pair of gloves {Stlth+}
SInv    .            h - +2 pair of boots
Will    +++..        H - amulet of guardian spirit
Stlth   +            S - ring of Ubakk {rPois Will++ EV+5, =R}
HPRegen 0.50/turn    O - ring of protection from cold
MPRegen 0.23/turn

%: guardian spirit
@: flying, studying Stealth
A: no striking features
}: 2/15 runes: serpentine, barnacled
a: Renounce Religion, Minor Destruction, Lesser Servant of Makhleb, Major
Destruction, Greater Servant of Makhleb


You were on level 4 of the Vaults.
You worshipped Makhleb.
Makhleb was exalted by your worship.
You visited 6 branches of the dungeon, and saw 34 of its levels.
You also visited: Volcano.

You collected 4231 gold pieces.
You spent 3403 gold pieces at shops.

Inventory:

Hand Weapons
 a - a +9 broad axe of flaming (weapon)
 b - the +1 broad axe of the Skies Above {freeze, *Noise Will+ Dex+2}
   (You acquired it on level 6 of the Dungeon)

   Dex+2:     It affects your dexterity (+2).
   Will+:     It increases your willpower.
   *Noise:    It may make a loud noise when swung.
Missiles
 n - 24 javelins
 v - 49 boomerangs (quivered)
 T - 3 throwing nets
 V - 8 curare-tipped darts
Armour
 c - a +2 cloak (worn)
 h - a +2 pair of boots (worn)
 q - the +0 helmet of the Harvest (worn) {rF+ Int+2 Dex+4}
   (You bought it in a shop on level 4 of the Dungeon)

   Int+2:     It affects your intelligence (+2).
   Dex+4:     It affects your dexterity (+4).
   rF+:       It protects you from fire.
 C - a +3 plate armour of poison resistance (worn)
 M - the +5 Storm Queen's Shield (worn) {shock, Fly rElec}
   (You bought it in a shop on level 13 of the Dungeon)

   Shock:     When it blocks an attack, it may electrocute the attacker.
   This works even against foes who are a short distance away.
   rElec:     It insulates you from electricity.
   Fly:       It grants you flight.
 X - a +2 pair of gloves of stealth (worn)
Jewellery
 p - a ring of willpower
 H - an amulet of guardian spirit (around neck)
 J - a +4 ring of protection
 O - a ring of protection from cold (right hand)
 P - a ring of positive energy
 S - the ring of Ubakk (left hand) {rPois Will++ EV+5, =R}
   (You acquired it on level 4 of the Shoals)

   [ring of evasion]

   EV+5:      It affects your evasion (+5).
   rPois:     It protects you from poison Will++: It greatly increases your
   willpower.
Wands
 u - a wand of quicksilver (8)
 F - a wand of paralysis (29)
 I - a wand of iceblast (3)
 Q - a wand of mindburst (25)
Scrolls
 j - 2 scrolls of enchant weapon
 m - a scroll of identify
 r - 3 scrolls of enchant armour
 w - a scroll of poison
 x - 3 scrolls of fear
 y - 4 scrolls of fog
 A - 3 scrolls of immolation
 B - 2 scrolls of silence
 D - 8 scrolls of revelation
 K - 6 scrolls of vulnerability
 L - 8 scrolls of teleportation
 N - a scroll of torment
 U - a scroll of blinking
 W - a scroll of summoning
Potions
 d - 2 potions of might
 e - 4 potions of cancellation
 f - 5 potions of heal wounds
 g - 8 potions of attraction
 i - 8 potions of enlightenment
 k - a potion of resistance
 l - a potion of magic
 o - 22 potions of curing
 s - 5 potions of haste
 z - 6 potions of lignification
 G - 7 potions of mutation
 R - a potion of ambrosia
 Z - a potion of invisibility
Miscellaneous
 t - a sack of spiders
 E - a lightning rod (1/4)
 Y - a condenser vane (inert)


   Skills:
 - Level 16.0 Fighting
 - Level 18.0 Axes
 - Level 8.0 Ranged Weapons
 + Level 10.7 Throwing
 - Level 16.0 Armour
 - Level 7.0 Dodging
 - Level 10.0 Stealth
 - Level 15.0 Shields
 - Level 6.0 Translocations
 - Level 18.0 Invocations
 - Level 12.0 Evocations


You had 16 spell levels left.
You knew the following spells:

 Your Spells              Type           Power      Damage    Failure   Level
a - Blink                 Tloc           24%        N/A       36%         2
b - Apportation           Tloc           24%        N/A       26%         1

Your spell library contained the following spells:

 Spells                   Type           Power      Damage    Failure   Level
 Lesser Beckoning         Tloc           24%        N/A       36%         2
 Gell's Gravitas          Tloc           12%        N/A       61%         3
 Teleport Other           Tloc           12%        N/A       61%         3
 Volatile Blastmotes      Fire/Tloc      12%        2d11      95%         3
 Foxfire                  Conj/Fire      0%         2x1d4     97%         1
 Magic Dart               Conj           0%         1d3       97%         1
 Necrotise                Necr           0%         1d4       97%         1
 Sandblast                Erth           0%         2d4       97%         1
 Sting                    Conj/Alch      0%         1d3       97%         1
 Summon Small Mammal      Summ           0%         N/A       97%         1
 Call Imp                 Summ           0%         N/A       99%         2
 Cigotuvi's Dreadful Rot  Necr/Alch/Air  0%         N/A       99%         2
 Searing Ray              Conj           0%         2d4       99%         2
 Dazzling Flash           Conj/Hex       0%         N/A       100%        3
 Inner Flame              Hex/Fire       0%         N/A       100%        3
 Mephitic Cloud           Conj/Alch/Air  0%         N/A       100%        3
 Vampiric Draining        Necr           0%         2d6       100%        3
 Airstrike                Air            0%         2d(0-16)  100%        4
 Animate Dead             Necr           0%         N/A       100%        4
 Brom's Barrelling Bould  Conj/Erth      0%         2d3       100%        4
 Dispel Undead            Necr           0%         3d6       100%        4
 Flame Wave               Conj/Fire      0%         2d4       100%        4
 Fulminant Prism          Conj/Alch      0%         3d5       100%        4
 Martyr's Knell           Necr/Summ      0%         N/A       100%        4
 Olgreb's Toxic Radiance  Alch           0%         N/A       100%        4
 Sticky Flame             Fire/Alch      0%         2d4       100%        4
 Alistair's Intoxication  Alch           0%         N/A       100%        5
 Borgnjor's Vile Clutch   Necr/Erth      0%         N/A       100%        5
 Curse of Agony           Necr           0%         N/A       100%        5
 Fireball                 Conj/Fire      0%         3d3       100%        5
 Freezing Cloud           Conj/Ice/Air   0%         6-21      100%        5
 Iskenderun's Battlesphe  Conj           0%         2d6       100%        5
 Silence                  Hex/Air        0%         N/A       100%        5
 Conjure Ball Lightning   Conj/Air       0%         3x3d6     100%        6
 Death Channel            Necr           0%         N/A       100%        6
 Eringya's Noxious Bog    Alch           0%         4d6       100%        6
 Orb of Destruction       Conj           0%         9d5       100%        7
 Ozocubu's Refrigeration  Ice            0%         4d7       100%        7
 Discord                  Hex            0%         N/A       100%        8
 Chain Lightning          Conj/Air       0%         N/A       100%        9
 Fire Storm               Conj/Fire      0%         5d1       100%        9
 Shatter                  Erth           0%         3d5*      100%        9


Dungeon Overview and Level Annotations

Branches:
Dungeon (15/15)            Temple (0/1) D:4            Lair (5/5) D:10
 Shoals (4/4) Lair:2        Snake (4/4) Lair:3        Slime (0/5) Lair:4
    Orc (2/2) D:11            Elf (0/3) Orc:2        Vaults (4/5) D:13
  Crypt (0/3) Vaults:2     Depths (0/4) D:15        Volcano (visited)

Altars:
Dithmenos
Elyvilon
Fedhas
Hepliaklqana
Kikubaaqudgha
Makhleb
Okawaru
Sif Muna
Uskayaw
Vehumet
Wu Jian
Xom
Yredelemnul
Zin
Beogh
Jiyva

Shops:
D:4 *=*[   D:9 (   D:13 [   Orc:2 :(*[   Shoals:2 *   Vaults:3 =   Vaults:4 =:

Portals:
Hell: Lair:5

Annotations:
D:2 Sigmund
D:8 3 runed translucent doors, ojifijod's ghost, novice MiBe
D:12 1 runed translucent door, 1 exclusion, Netaeli's ghost, journeyman SpAl
D:15 Roxanne
Snake:2 1 runed translucent door, Bobbunny's ghost, adept MiFi


Message History

Something seems to be corroded for longer.
Something touches you! Something hits you!
You feel your power leaking away.
The yaktaur captain shoots a bolt.
You block the bolt.
The hell beast is engulfed in blazing flames.
You block something's attack.
The yaktaur shoots a bolt.
The bolt hits you!!
Unknown command.
You slice something!! You burn something. Makhleb accepts your kill.
Reactivating autopickup.
The Tzitzimitl disappears in a puff of smoke!
The hell beast disappears in a puff of smoke!
You feel a bit more experienced.
Your lightning rod (1/4) has regained one charge.
Unknown command.
The yaktaur shoots a bolt.
The bolt barely misses you.
The yaktaur captain shoots a bolt.
The bolt misses you.
The yaktaur shoots a bolt.
The bolt misses you.
The yaktaur shoots a bolt.
The bolt hits you!
The yaktaur captain shoots a bolt.
The bolt hits you but does no damage.
The yaktaur shoots a bolt.
You block the bolt.
The yaktaur shoots a bolt.
The bolt barely misses you.
The yaktaur captain shoots a bolt.
The bolt hits you!!!
* * * LOW HITPOINT WARNING * * *
The yaktaur shoots a bolt.
You block the bolt.
The yaktaur shoots a bolt.
You block the bolt.
You feel much better.
The yaktaur captain shoots a bolt.
You block the bolt.
The yaktaur shoots a bolt.
The bolt closely misses you.
The yaktaur shoots a bolt.
The bolt hits you but does no damage.
The yaktaur captain unwields a +0 arbalest.
You block the yaktaur captain's attack.
The yaktaur unwields a +0 arbalest.
You block the yaktaur's attack.
The yaktaur shoots a bolt.
The bolt hits you!!
* * * LOW HITPOINT WARNING * * *
You slice the yaktaur captain!! You burn the yaktaur captain!
The yaktaur captain is moderately wounded.
You slash the yaktaur! You burn the yaktaur.
The yaktaur shoots a bolt.
The bolt hits you!
* * * LOW HITPOINT WARNING * * *
You block the yaktaur's attack. The yaktaur captain hits you!!
You die...

##########.......
#.......##.......
#.......##.......
#.......##...<...
#.......##.......
#.1.p...##.......
#..p).).##.......
############§###########
.....$c@.....§..........
......c.................
......c.................
........................
........................
........................
........................
########################


You could see a yaktaur captain and 2 yaktaurs.

Vanquished Creatures
  A dread lich (Vaults:4)
  Vashnia (Snake:4)
  3 sphinxes
  A kraken (Shoals:2)
  Frances (Shoals:1)
  Agnes (Snake:2)
  An ancient champion (Vaults:2)
  Gastronok (Lair:1)
  2 storm dragons
  Aizul (Shoals:1)
  8 nagarajas
  A deep elf sorcerer (Vaults:3)
  10 vault wardens
  16 ironbound preservers
  A stone giant (Vaults:4)
  4 ironbound thunderhulks
  2 formless jellyfish
  A vampire knight (Vaults:2)
  2 dire elephants
  2 war gargoyles
  3 ettins
  A crystal guardian (Vaults:3)
  8 merfolk impalers
  6 merfolk javelineers
  4 entropy weavers
  7 yaktaur captains
  A fire dragon (D:15)
  Fannar (Lair:1)
  6 great orbs of eyes
  Erolcha (D:13)
  Josephine (Lair:4)
  A salamander tyrant (Snake:4)
  5 hydras
  6 ironbound frosthearts
  4 merfolk aquamancers (Shoals:4)
  Erica (Orc:1)
  3 merfolk avatars
  2 peacekeepers
  9 vault guards
  5 ogre magi
  A satyr (Shoals:1)
  A dancing weapon (Vaults:2)
  16 two-headed ogres
  15 centaur warriors
  4 boulder beetles
  4 alligator snapping turtles
  9 anacondas
  9 naga warriors
  A deep troll earth mage (Vaults:2)
  7 death yaks
  2 orc high priests (Orc:1)
  12 naga sharpshooters
  2 shock serpents
  Sonja (Lair:3)
  Urug (Lair:4)
  2 sun demons
  7 skysharks
  2 hell knights
  2 salamander mystics (Snake:4)
  36 deep trolls
  16 mana vipers
  7 sea snakes
  A glowing orange brain (Vaults:2)
  10 naga ritualists
  15 ironbound convokers
  2 phantasmal warriors (Vaults:2)
  6 harpies
  11 arcanists
  4 deep elf pyromancers
  2 necromancers
  5 lindwurms
  2 orc knights (Orc:1)
  18 ugly things
  3 orc sorcerers
  4 kobold blastminers (Orc:1)
  A cyclops (Shoals:4)
  7 manticores
  4 fauns
  19 elephants
  Maurice (Orc:1)
  6 salamanders
  8 vault sentinels
  4 guardian serpents
  37 black mambas
  7 merfolk sirens
  A torpor snail (Lair:3)
  16 naga magi
  15 water nymphs
  9 cane toads
  5 rime drakes
  3 orange demons (Lair:5)
  2 freezing wraiths
  3 unseen horrors
  17 yaktaurs
  Jeremiah (Lair:1)
  11 komodo dragons
  An ice devil (Lair:5)
  2 tengu conjurers (D:15)
  2 efreet
  2 red devils (Lair:5)
  12 trolls
  A hellwing (Lair:5)
  11 wind drakes
  21 merfolk
  2 polar bears
  5 blink frogs (Lair:5)
  7 dream sheep
  8 snapping turtles
  23 slime creatures
  A jumping spider (shapeshifter) (D:13)
  2 jumping spiders
  7 air elementals
  A shadow (D:12)
  7 wraiths
  A culicivora (Vaults:2)
  6 wyverns
  30 yaks
  27 water elementals
  19 humans (D:13)
  2 wargs (Orc:2)
  11 basilisks
  2 vampire mosquitoes (D:10)
  4 steam dragons
  4 redbacks
  5 hell hounds
  42 nagas
  12 two-headed ogre zombies (D:13)
  8 water moccasins
  5 black bears
  3 laughing skulls
  17 orc warriors
  3 ice beasts
  27 ogres
  7 wolves (Lair:5)
  5 boggarts (Vaults:2)
  5 centaurs
  4 kobold brigands
  2 phantoms
  A gnoll sergeant (D:8)
  12 bullfrogs
  3 scorpions
  11 wights
  14 killer bees
  4 howler monkeys
  3 bombardier beetles
  A crimson imp (D:3)
  20 orc priests
  2 centaur zombies (D:8)
  A gnoll bouda (D:7)
  3 jellies
  A sleepcap (D:4)
  33 orc wizards
  2 iguanas
  A hell rat (Lair:5)
  6 adders
  8 gnolls
  3 dart slugs
  A ribbon worm (D:2)
  82 orcs
  3 endoplasms
  4 giant cockroaches
  8 goblins
  5 hobgoblins
  19 kobolds
  6 quokkas
  6 ball pythons
  8 bats
  11 frilled lizards
  7 rats
  4 tentacles (Shoals:2)
1211 creatures vanquished.

Vanquished Creatures (collateral kills)
  Frederick (Vaults:2)
  Saint Roka (Orc:2)
  Mlioglotl (Snake:2)
  An ironbound preserver (Vaults:2)
  A merfolk javelineer (Shoals:4)
  A hydra (Lair:2)
  2 deep trolls (Vaults:2)
  A black mamba (Snake:4)
  A polar bear (Lair:2)
  A water moccasin (Lair:1)
  An ogre (Orc:1)
  A black bear (Lair:1)
  An orc (Orc:2)
14 creatures vanquished.

Vanquished Creatures (others)
  A wind drake (Shoals:4)
  2 two-headed ogre zombies (D:13)
  An orc wizard (Orc:1)
  A gnoll (D:7)
  An orc (Orc:2)
  6 tentacles (Shoals:2)
12 creatures vanquished.

Grand Total: 1237 creatures vanquished

Notes
Turn   | Place    | Note
-------+----------+-------------------------------------------
     0 | D:1      | juan097 the Hill Orc Fighter began the quest for the Orb.
     0 | D:1      | Reached XP level 1. HP: 19/19 MP: 1/1
    62 | D:1      | Reached XP level 2. HP: 24/27 MP: 2/2
   243 | D:1      | Reached XP level 3. HP: 21/33 MP: 3/3
   944 | D:2      | Noticed Sigmund
   948 | D:2      | Reached XP level 4. HP: 41/41 MP: 4/4
  1513 | D:3      | Found a blossoming altar of Fedhas.
  1593 | D:3      | Reached XP level 5. HP: 47/47 MP: 5/5
  1782 | D:3      | You fall into a shaft and drop 3 floors!
  1801 | D:5      | Entered Level 5 of the Dungeon
  1838 | D:5      | Reached skill level 5 in Fighting
  1857 | D:5      | Reached skill level 5 in Axes
  1857 | D:5      | Reached skill level 5 in Shields
  1948 | D:4      | Noticed an ogre
  1951 | D:4      | Found Zidgh's Assorted Antiques.
  1952 | D:4      | Noticed an ogre
  2244 | D:3      | Found a radiant altar of Vehumet.
  2245 | D:3      | Found a burning altar of Makhleb.
  2252 | D:3      | Reached XP level 6. HP: 56/56 MP: 6/6
  2410 | D:3      | Became a worshipper of Makhleb the Destroyer
  2459 | D:4      | Found Foulefi's Jewellery Shop.
  2469 | D:4      | Found Cengig's Assorted Antiques.
  2492 | D:4      | Bought a scroll labelled UGRION ZASMI for 30 gold pieces
  2492 | D:4      | Bought a yellow potion for 27 gold pieces
  2572 | D:4      | Found Asips's Armour Shoppe.
  2902 | D:4      | Reached XP level 7. HP: 12/61 MP: 7/7
  3103 | D:4      | Bought a scroll labelled FAZUPI YPPOHIE for 23 gold pieces
  3103 | D:4      | Bought a scroll labelled QUSHRY PEASHROU for 23 gold pieces
  3103 | D:4      | Bought a scroll labelled DOEBID UZAE for 23 gold pieces
  3199 | D:4      | Found a staircase to the Ecumenical Temple.
  3260 | D:4      | Reached skill level 1 in Invocations
  3630 | D:5      | Reached skill level 1 in Dodging
  3893 | D:5      | Reached XP level 8. HP: 67/69 MP: 9/9
  4370 | D:5      | Found a hazy altar of Hepliaklqana.
  4860 | D:6      | Found an iron altar of Okawaru.
  5127 | D:6      | Found a glowing silver altar of Zin.
  5127 | D:6      | Found a hide-covered altar of Uskayaw.
  5154 | D:6      | Found a white marble altar of Elyvilon.
  5176 | D:6      | Found a shimmering blue altar of Sif Muna.
  5278 | D:6      | Reached * piety under Makhleb
  5354 | D:6      | Reached skill level 5 in Armour
  5457 | D:6      | Identified 2 scrolls of acquirement
  5458 | D:6      | Acquired the +1 broad axe of the Skies Above {freeze,
                  | *Noise Will+ Dex+2}
  5463 | D:6      | Acquired 706 gold pieces
  5505 | D:4      | Bought a pair of embroidered boots for 172 gold pieces
  5553 | D:4      | Bought a steaming helmet for 285 gold pieces
  5553 | D:4      | Identified the +0 helmet of the Harvest {rF+ Int+2 Dex+4}
                  | (You bought it in a shop on level 4 of the Dungeon)
  5572 | D:4      | Bought a +2 pair of gloves of stealth for 301 gold pieces
  5619 | D:4      | Bought a dented peridot amulet for 115 gold pieces
  5789 | D:6      | Found a shimmering altar of Xom.
  5952 | D:6      | Reached XP level 9. HP: 79/79 MP: 12/12
  5960 | D:6      | Found an ornate altar of the Wu Jian Council.
  6114 | D:7      | Reached skill level 10 in Axes
  6158 | D:7      | Reached skill level 1 in Evocations
  7115 | D:8      | Found a shadowy altar of Dithmenos.
  7138 | D:8      | Reached skill level 1 in Ranged Weapons
  7149 | D:8      | Reached skill level 5 in Invocations
  7601 | D:8      | Reached XP level 10. HP: 88/88 MP: 14/14
  7608 | D:8      | Reached ** piety under Makhleb
  7715 | D:8      | Found a runed translucent gate.
  7715 | D:8      | Found a runed translucent gate.
  7715 | D:8      | Found a runed translucent gate.
  7715 | D:8      | Noticed ojifijod's ghost (novice MiBe)
  7716 | D:8      | Found a basalt altar of Yredelemnul.
  7806 | D:8      | Found an ancient bone altar of Kikubaaqudgha.
  8361 | D:9      | Identified the +4 ring mail of Hedonism {Rampage rF- rN++
                  | Regen+}
  8522 | D:9      | Reached skill level 1 in Throwing
  8536 | D:9      | Reached skill level 1 in Stealth
  8777 | D:9      | Found Poqish's Antique Weapon Emporium.
  8910 | D:10     | Entered Level 10 of the Dungeon
  8974 | D:10     | Reached *** piety under Makhleb
  9424 | D:10     | Noticed an elephant
  9442 | D:10     | Killed an elephant
  9443 | D:10     | Reached XP level 11. HP: 95/95 MP: 16/16
  9460 | D:10     | Noticed a two-headed ogre
  9522 | D:10     | Killed a two-headed ogre
  9674 | D:10     | Found a staircase to the Lair.
  9851 | Lair:1   | Entered Level 1 of the Lair of Beasts
 10010 | Lair:1   | Noticed Fannar
 10035 | Lair:1   | Killed Fannar
 10120 | Lair:1   | Noticed Jeremiah
 10507 | D:11     | Found a staircase to the Orcish Mines.
 10591 | D:11     | Reached **** piety under Makhleb
 10836 | D:11     | Reached skill level 10 in Fighting
 11121 | D:11     | Found a hazy altar of Hepliaklqana.
 11173 | Orc:1    | Entered Level 1 of the Orcish Mines
 11237 | Orc:1    | Found a roughly hewn altar of Beogh.
 11266 | Orc:1    | Noticed an orc knight
 11275 | Orc:1    | Noticed an orc high priest
 11294 | Orc:1    | Noticed an orc high priest
 11296 | Orc:1    | Killed an orc knight
 11311 | Orc:1    | Noticed a sixfirhy
 11319 | Orc:1    | Killed an orc high priest
 11319 | Orc:1    | Killed an orc high priest
 11320 | Orc:1    | Reached XP level 12. HP: 40/106 MP: 2/18
 11603 | Orc:1    | Found a dark tunnel.
 11612 | Volcano  | Entered a volcano
 11641 | Volcano  | Noticed a hell knight
 11649 | Volcano  | Killed a hell knight
 11735 | Volcano  | Noticed a sun demon
 11746 | Volcano  | Killed a sun demon
 11787 | Volcano  | Reached skill level 5 in Evocations
 11950 | Orc:1    | Noticed Maurice
 11981 | Orc:1    | Killed Maurice
 12291 | Orc:1    | Noticed Erica
 12300 | Orc:1    | Killed Erica
 12513 | Orc:2    | Entered Level 2 of the Orcish Mines
 12515 | Orc:2    | Noticed a two-headed ogre
 12566 | Orc:2    | Noticed a two-headed ogre
 12566 | Orc:2    | Noticed a two-headed ogre
 12580 | Orc:1    | Killed a two-headed ogre
 12580 | Orc:1    | Reached ***** piety under Makhleb
 12834 | Orc:2    | Noticed a two-headed ogre
 12899 | Orc:1    | Killed a two-headed ogre
 12922 | Orc:2    | Noticed an ogre mage
 12934 | Orc:1    | Killed an ogre mage
 12942 | Orc:2    | Noticed a two-headed ogre
 12947 | Orc:2    | Killed a two-headed ogre
 12958 | Orc:2    | Reached XP level 13. HP: 106/116 MP: 20/20
 12975 | Orc:1    | Reached skill level 15 in Axes
 13182 | Orc:1    | Reached skill level 10 in Invocations
 13214 | Orc:2    | Noticed Saint Roka
 13343 | Orc:1    | Paralysed by an orc sorcerer for 4 turns
 13560 | Orc:1    | Reached skill level 10 in Armour
 14010 | Orc:2    | Found Hobiabi's General Store.
 14010 | Orc:2    | Found Wayc's Book Boutique.
 14011 | Orc:2    | Found Mayner's Antique Armour Shop.
 14011 | Orc:2    | Found Gulumath's Weapon Emporium.
 14018 | Orc:2    | Bought a scroll of poison for 48 gold pieces
 14022 | Orc:2    | Bought a potion of mutation for 96 gold pieces
 14220 | Lair:1   | Killed Jeremiah
 14257 | Lair:1   | Noticed Gastronok
 14274 | Lair:1   | Killed Gastronok
 14848 | Lair:1   | You fall into a shaft and drop 1 floor!
 15562 | Lair:2   | Reached XP level 14. HP: 126/126 MP: 23/23
 15630 | Lair:2   | Found a staircase to the Shoals.
 15906 | Lair:3   | Noticed Sonja
 16067 | Lair:3   | Found a staircase to the Snake Pit.
 16215 | Lair:3   | Killed Sonja
 16386 | Lair:3   | Reached skill level 5 in Dodging
 16389 | Lair:3   | Reached ****** piety under Makhleb
 17011 | Lair:4   | Noticed Josephine
 17021 | Lair:4   | Killed Josephine
 17128 | Lair:4   | Found a viscous altar of Jiyva.
 17128 | Lair:4   | Found a staircase to the Slime Pits.
 17133 | Lair:4   | Noticed Urug
 17135 | Lair:4   | Paralysed by Urug for 3 turns
 17146 | Lair:4   | Killed Urug
 17957 | Lair:5   | Entered Level 5 of the Lair of Beasts
 18425 | Lair:5   | Noticed a dire elephant
 18441 | Lair:5   | Killed a dire elephant
 18523 | Lair:5   | Reached XP level 15. HP: 135/135 MP: 25/25
 18853 | Lair:5   | Found a burning altar of Makhleb.
 19045 | Lair:5   | Found a gateway to Hell.
 19052 | Lair:5   | Identified the +2 long sword "Izide" {freeze, rElec Str+2}
 20161 | Orc:2    | Paralysed by an orc sorcerer for 3 turns
 20473 | Orc:2    | Killed Saint Roka
 20639 | Orc:2    | Found a staircase to the Elven Halls.
 20800 | Orc:2    | Bought a shiny helmet for 232 gold pieces
 20979 | D:9      | Bought a glowing sling for 117 gold pieces
 21454 | D:12     | Found a runed translucent door.
 21455 | D:12     | Found a shimmering altar of Xom.
 21455 | D:12     | Noticed Netaeli's ghost (journeyman SpAl)
 22331 | D:13     | Got Liump's Tutorial on the Wizard's Wisdom
 22549 | D:13     | Found Abox's Armour Shoppe.
 22571 | D:13     | Bought the +5 Storm Queen's Shield {shock, Fly rElec} for
                  | 775 gold pieces
 22571 | D:13     | Found the +5 Storm Queen's Shield {shock, Fly rElec}
 22721 | D:13     | Found a gate to the Vaults.
 23209 | D:14     | Reached skill level 5 in Ranged Weapons
 23463 | D:13     | Identified the ring "Foqaedghu" {rElec Will- Int+5 Slay+4}
 23463 | D:13     | Noticed Erolcha
 23474 | D:13     | Killed Erolcha
 24115 | D:15     | Entered Level 15 of the Dungeon
 24124 | D:15     | Reached XP level 16. HP: 145/145 MP: 27/27
 24142 | D:15     | Noticed Roxanne
 24397 | D:15     | Found a staircase to the Depths.
 24760 | D:15     | Reached skill level 15 in Invocations
 25095 | D:4      | Bought a broad axe for 92 gold pieces
 25333 | Snake:1  | Entered Level 1 of the Snake Pit
 26781 | Snake:2  | Noticed Agnes
 26789 | Snake:2  | Killed Agnes
 26892 | Snake:2  | Reached skill level 10 in Evocations
 26902 | Snake:2  | Noticed Mlioglotl
 26916 | Snake:2  | Killed Mlioglotl
 27592 | Snake:2  | Found a runed translucent door.
 27593 | Snake:2  | Noticed Bobbunny's ghost (adept MiFi)
 28041 | Snake:3  | Noticed a nagaraja
 28094 | Snake:3  | Reached skill level 10 in Shields
 28150 | Snake:3  | Killed a nagaraja
 28489 | Snake:3  | Reached XP level 17. HP: 152/152 MP: 29/29
 28530 | Snake:3  | Reached skill level 5 in Stealth
 29427 | Snake:4  | Entered Level 4 of the Snake Pit
 29844 | Snake:4  | Noticed Vashnia
 29885 | Snake:4  | Killed Vashnia
 31458 | Snake:4  | Got a serpentine rune of Zot
 31690 | Shoals:1 | Entered Level 1 of the Shoals
 31781 | Shoals:1 | Reached XP level 18. HP: 161/161 MP: 30/30
 31804 | Shoals:1 | Identified the serpent talisman of Lugonu's Benevolence
                  | {rC+ Int+4}
 31804 | Shoals:1 | Noticed Aizul
 31819 | Shoals:1 | Killed Aizul
 31936 | Shoals:1 | Noticed Frances
 31956 | Shoals:1 | Killed Frances
 32258 | Shoals:1 | Got the Teachings on the Atmospheric Blaze
 32816 | Shoals:2 | Reached skill level 15 in Fighting
 32951 | Shoals:2 | Reached skill level 15 in Armour
 33213 | Shoals:2 | Found Xecu's Assorted Antiques.
 33855 | Shoals:3 | Reached skill level 10 in Stealth
 34305 | Shoals:4 | Entered Level 4 of the Shoals
 34457 | Shoals:4 | Reached skill level 5 in Throwing
 34651 | Shoals:4 | Paralysed by an air elemental for 1 turns
 34744 | Shoals:4 | Identified the +4 rapier of Gloom {drain, rElec Str-3
                  | Dex+3}
 34785 | Shoals:4 | Paralysed by an air elemental for 1 turns
 34789 | Shoals:4 | Paralysed by an air elemental for 1 turns
 35248 | Shoals:4 | Paralysed by an air elemental for 1 turns
 35292 | Shoals:4 | Paralysed by an air elemental for 1 turns
 35409 | Shoals:4 | Reached XP level 19. HP: 170/170 MP: 32/32
 35430 | Shoals:4 | Got a barnacled rune of Zot
 35432 | Shoals:4 | Identified the staff "Ucinuwny" {rElec Str-3 Int+2 Dex+6
                  | Air}
 35797 | Shoals:4 | Acquired the ring of Ubakk {rPois Will++ EV+5}
 36038 | Orc:2    | Bought a twisted plate armour for 868 gold pieces
 36038 | Orc:2    | Identified the +1 plate armour "Coqon Illu" {^Drain rPois
                  | Regen+ Int+6} (You bought it in a shop on level 2 of the
                  | Orcish Mines)
 36046 | Orc:2    | Learned a level 2 spell: Blink
 36050 | Orc:2    | Bought a book of Cantrips for 176 gold pieces
 36053 | Orc:2    | Learned a level 1 spell: Apportation
 36177 | Vaults:1 | Entered Level 1 of the Vaults
 36310 | Vaults:1 | Reached skill level 1 in Translocations
 37852 | Vaults:2 | Paralysed by a formless jellyfish for 1 turns
 37865 | Vaults:2 | You are sucked into a shaft and drop 1 floor!
 37912 | Vaults:2 | Identified the orb of Exclusion {light, Dex+6}
 37912 | Vaults:2 | Noticed Frederick
 38441 | Vaults:3 | Reached XP level 20. HP: 136/180 MP: 20/33
 38736 | Vaults:3 | Found Cuezuol's Jewellery Shoppe.
 38850 | Vaults:2 | Found a staircase to the Crypt.
 39045 | Vaults:2 | Killed Frederick
 39063 | Vaults:2 | Reached skill level 5 in Translocations
 39159 | Vaults:2 | Identified the +0 plate armour of Whack-A-Mole {Fly rCorr
                  | Stlth+}
 40432 | Vaults:4 | Found Taryfes's Jewellery Shoppe.
 40522 | Vaults:4 | Found Feonohid's Book Emporium.
 40832 | Vaults:4 | Reached skill level 15 in Shields
 40868 | Vaults:4 | Reached skill level 10 in Throwing
 41010 | Vaults:4 | Noticed a Tzitzimitl
 41010 | Vaults:4 | Noticed a dread lich
 41025 | Vaults:4 | Killed a dread lich
 41032 | Vaults:4 | Mangled by a yaktaur captain

Illustrated notes

Levels and vault maps discovered:
D:1:      dpeg_arrival_short_road, layout_loops_ring,
          dreamdust_mushroom_princess, kennysheep_boxes
D:2:      layout_basic, minmay_quantized, uniq_sigmund
D:3:      layout_basic, grunt_temple_overflow_lords_of_destruction,
          fedhas_altar_3, feat_on_display
D:4:      layout_cave_pools, minmay_temple_entry_nine_rooms, serial_shops, shop,
          nicolae_shop_dealshenge, shop, nicolae_shop_hallway_stairs,
          serial_bayou_lagoon_a
D:5:      layout_loops_corners, kennysheep_mini_moat,
          nicolae_houndstooth_variations
D:6:      layout_rooms, tgw_xom, nicolae_wu_jian_immortal_techniques,
          lemuel_round_altar, okawaru_gym_becter,
          mainiacjoe_overflow_divided_tiny, kennysheep_mini
D:7:      layout_layer_cave, bh_walls_and_bars
D:8:      layout_basic, nicolae_yredelemnul_ghost_church,
          grunt_dithmenos_smoke_and_mirrors, tgw_kikubaaqudgha,
          grunt_decor_resistance
D:9:      layout_rooms, serial_shops, nicolae_shop_peninsula
D:10:     layout_basic, grunt_lair_entry_orc_guard_hut
D:11:     layout_roguey, hiddenorc2_lemuel, nicolae_hepliaklqana_hippocampus
D:12:     layout_cave_pods, ebering_ghost_xom
D:13:     lemuel_ogre_cave, layout_loops_cross, grunt_vaults_entry_tiered,
          serial_shops, nicolae_shop_hallway_plus
D:14:     layout_stronghold, palyth_stone_intersect
D:15:     hangedman_depths_entry_civil_slaughter, layout_irregular_city,
          dreamdust_princess_bridge, uniq_roxanne
Lair:1:   layout_regular_city, uniq_gastronok, uniq_fannar, uniq_jeremiah
Lair:2:   layout_concentric_octagons, elwin_shoals_entry_rooms,
          nzn_sisyphean_effort, lemuel_fruit_tree, serial_bayou_shore_b
Lair:3:   layout_small_grid, guppyfry_snake_entry_garden,
          pdpol_lair_neglected_garden, uniq_sonja
Lair:4:   hellmonk_destroyed_diamonds, layout_regular_city,
          dpeg_slime_entry_enclosed, beast_lair_carwin_2, grunt_megastairs_4,
          uniq_josephine, uniq_urug
Lair:5:   evil_forest, layout_loops_ring
Shoals:1: layout_shoals, uniq_frances, uniq_aizul
Shoals:2: layout_shoals, serial_shops, nicolae_shop_hallway_plus
Shoals:3: layout_shoals
Shoals:4: shoals_end_hellmonk_storm_palace [storm_palace_center_ruins,
          storm_palace_corner_pillars, storm_palace_corner_blocked,
          storm_palace_corner_reverse_hut, storm_palace_corner_pillars],
          serial_shops
Snake:1:  layout_basic
Snake:2:  layout_chambers, ebering_ghost_inner_flame, uniq_agnes, uniq_mlioglotl
Snake:3:  layout_onion
Snake:4:  johnstein_snake_rune_scales, layout_rooms
Orc:1:    layout_diamond_mine, enter_volcano_1, basic_altar,
          guppyfry_orc_lava_fort, uniq_maurice, uniq_erica
Orc:2:    st_orc_ogre_mass, layout_caves, uniq_saint_roka
Vaults:1: v_misc_3, nicolae_vaults_apartment_1, vaults_dpeg_doors,
          nicolae_vaults_tetromino_L_2, nicolae_vaults_storage_room_glass,
          ontoclasm_vaults_misaligned, nicolae_vaults_more_shelving_2,
          nicolae_vaults_house_1, v_misc_1, layout_vaults_omnigrid
Vaults:2: v_alt_pattern_4, nicolae_vaults_rhombus_5,
          nicolae_vaults_disjoint_gnomons, dpeg_vaults_hating_casters,
          minmay_crypt_entry_simple_box, vaults_room_pool, v_misc_5,
          ontoclasm_vaults_decontamination, vaults_dpeg_spiral,
          nicolae_vaults_double_plus_1, nicolae_vaults_network_barrier,
          v_misc_14, serial_ice_m, nicolae_vaults_house_2, nicolae_vaults_theta,
          layout_vaults_maze_bifur, uniq_frederick
Vaults:3: st_eye, vaults_room_large_hall, v_pattern_4, ontoclasm_vaults_bender,
          nicolae_vaults_wine_cellar, nicolae_vaults_little_squares_6,
          ontoclasm_vaults_eye, ontoclasm_vaults_loading_screen,
          vaults_standard_mumra_enter_the_diamond, nicolae_vaults_tetromino_Z_1,
          layout_vaults_ring, serial_shops, nicolae_square_shop
Vaults:4: nicolae_vaults_storage_closets_2, nicolae_vaults_tetromino_T_1,
          nicolae_vaults_six-pack, vaults_mumra_lcd,
          nicolae_vaults_angled_halls, vaults_dpeg_hooks, v_misc_17, door_vault,
          ontoclasm_vaults_ring_small, nicolae_vaults_network_square,
          vaults_room_fours, ontoclasm_vaults_ring_square, vaults_room_corners,
          nicolae_vaults_trapezoid_4, layout_vaults_omnicross, serial_shops,
          nicolae_shop_hallway_stairs, nicolae_shop_hallway_stairs,
          shop_fountains

Skill      XL: |  1  2  3  4  5  6  7  8  9 10 11 12 13 14 15 16 17 18 19 20 |
---------------+-------------------------------------------------------------+-----
Axes           | 3 4 5 7 8 9 10 12 14 16 17 18 | 18.0
Fighting       | 4 5 7 8 10 11 12 13 14 15 16 | 16.0
Shields        | 4 5 6 7 8 10 12 13 15 | 15.0
Invocations    | 2 4 5 7 8 9 12 13 14 16 18 | 18.0
Dodging        | 1 2 3 4 6 7 |  7.0
Armour         | 4 5 7 8 9 10 11 12 13 14 15 16 | 16.0
Evocations     | 2 4 5 6 8 10 11 12 | 12.0
Ranged Weapons | 2 5 6 8 |  8.0
Throwing       | 2 4 6 7 10 | 10.7
Stealth        | 2 4 7 10 | 10.0
Translocations | 4 6 |  6.0

Action                     |  1- 3 |  4- 6 |  7- 9 | 10-12 | 13-15 | 16-18 | 19-21 || total
---------------------------+-------+-------+-------+-------+-------+-------+-------++-------
  Melee: War axe           |    96 |   108 |   159 |       |       |       |       ||   363
         Broad axe         |       |       |   147 |   590 |  1092 |  1098 |   686 ||  3613
   Fire: Sling             |       |    19 |    42 |    17 |    56 |   101 |     5 ||   240
  Throw: Dart              |       |       |     1 |    47 |    43 |     8 |     1 ||   100
         Javelin           |       |       |       |     2 |       |       |     4 ||     6
         Boomerang         |       |       |       |     5 |     1 |     3 |    24 ||    33
 Invoke: Minor Destruction |       |       |       |     8 |     4 |     2 |       ||    14
         Lesser Servant of |       |       |       |     4 |     5 |     2 |       ||    11
         Major Destruction |       |       |       |     1 |     6 |     2 |     1 ||    10
         Greater Servant o |       |       |       |       |     1 |     2 |     3 ||     6
  Evoke: Wand              |       |       |       |    19 |     9 |    78 |     6 ||   112
         Condenser vane    |       |       |       |       |       |     1 |     3 ||     4
         Lightning rod     |       |       |       |       |       |       |     4 ||     4
         Sack of spiders   |       |       |       |       |       |       |     1 ||     1
    Use: Scroll            |       |       |    14 |     3 |     9 |    14 |     7 ||    47
         Potion            |       |       |       |     1 |     1 |     2 |     2 ||     6
   Stab: Paralysed         |       |       |       |     6 |     7 |       |       ||    13
 Armour: Scale mail        |    70 |       |       |       |       |       |       ||    70
         Plate armour      |     6 |   103 |   289 |   413 |   173 |   721 |   390 ||  2095
         Chain mail        |       |       |       |    81 |   714 |       |       ||   795
  Dodge: Dodged            |    38 |    16 |    97 |   195 |   427 |   274 |   208 ||  1255
  Block: Buckler           |    30 |    20 |    73 |   123 |   247 |       |       ||   493
         Kite shield       |       |       |       |       |   110 |   886 |   530 ||  1526
